 Dungeon Crawl Stone Soup version 0.21.1-1-g345015f (webtiles) character file.

929 xccam the Covert (level 8, -2/78 HPs)
             Began as an Octopode Monk on Mar 25, 2018.
             Was a Follower of Ru.
             Killed by divine providence
             ... invoked by an orc priest
              (10 damage)
             ... on level 4 of the Dungeon.
             The game lasted 00:09:11 (3694 turns).

xccam the Covert (Octopode Monk)                    Turns: 3694, Time: 00:09:11

Health: -2/78      AC: 24    Str: 10 (11) XL:     8   Next: 11%
Magic:  8/8        EV:  2    Int: 11 (13) God:    Ru [*.....]
Gold:   99         SH:  5    Dex: 14 (15) Spells: 7/7 levels left

rFire    . . .     SeeInvis .   a - +0 spear
rCold    . . .     Gourm    .   l - +1 buckler
rNeg     + + +     Faith    .   (helmet currently unavailable)
rPois    +         Spirit   .   (no amulet)
rElec    .         Reflect  .   (no ring)
rCorr    .         Harm     .   (no ring)
MR       .....     NoTele   +   (no ring)
Stlth    ++++......             (no ring)
HPRegen  0.23/turn              (no ring)
MPRegen  0.11/turn              (no ring)
                                (no ring)
                                (no ring)

@: tree-form
A: almost no armour, stealthy swim, (amphibious), 8 rings, (constrict 8), hated
by all
a: Renounce Religion


You were on level 4 of the Dungeon.
You worshipped Ru.
Ru was aware of your devotion.
You were hungry.
You were a tree.
You visited 1 branch of the dungeon, and saw 4 of its levels.

You collected 99 gold pieces.

Inventory:

Hand Weapons
 a - a +0 spear (weapon)
Armour
 l - a +1 buckler (worn)
 m - a +0 hat (melded)
Wands
 e - a wand of scattershot (2)
Scrolls
 c - 4 scrolls of remove curse
 d - a scroll of identify
 g - a scroll of enchant weapon {unknown}
 h - 4 scrolls of teleportation
 p - a scroll of fog {unknown}
 q - a scroll of magic mapping {unknown}
Potions
 i - a potion of brilliance
Comestibles
 b - 5 rations
 o - 2 chunks of flesh


   Skills:
 - Level 3.0 Fighting
 - Level 7.0 Polearms
 - Level 3.0 Dodging
 - Level 9.3 Stealth
 + Level 1.2 Shields


You had 7 spell levels left.
You didn't know any spells.

Dungeon Overview and Level Annotations

Branches:
Dungeon (4/15)
 Temple: D:4-7

Altars:
Ashenzari
Cheibriados
Gozag
Nemelex Xobeh
Ru
Yredelemnul
Zin


Innate Abilities, Weirdness & Mutations

You cannot wear most types of armour.
You are very stealthy in the water. (Stealth+)
((You are amphibious.))
You can wear up to eight rings at the same time.
((You can use your tentacles to constrict eight enemies at once.))
((Your skin changes colour to match your surroundings (Stealth+).))
((Your rubbery body absorbs attacks. (AC +1, EV +1)))
You are hated by all.


Message History

Beogh smites you!
* * * LOW HITPOINT WARNING * * *
It was a potion of degeneration.
There was something very wrong with that liquid.
You feel weakened.
You feel dopey.
You feel clumsy. You block the orc's attack.
The orc priest hits you but does no damage.
Okay, then.
As you read the scroll labeled MOETAA OCHEM, it crumbles to dust.
It is a scroll of amnesia.
You feel forgetful for a moment. Something hits you but does no damage.
The orc hits you but does no damage. You block the orc priest's attack.
Unknown command.
As you read the scroll labeled UNAYKKEUMNUPT, it crumbles to dust.
It is a scroll of enchant armour.
Your +0 buckler glows green for a moment.
Something hits you but does no damage. The orc hits you but does no damage.
The orc priest invokes the aid of Beogh against you.
Beogh smites you!
You die...

#.............
#....[........
#.............
#######.......######
#.....#.......# ....
#.....#.......# ....
#.....#.......# ....
#....##.......# ....
#..♣.##.......# ....
##{oo##)).....# ....
##...##.......# ....
#.............#.....
#.............#.....
#.............#.....
###'###.......#.....
#o....#.......#.....
####.....#
#.....#.......#.....


You could see an orc priest and an orc.

Vanquished Creatures
  Grinder (D:4)
  The ghost of bmj180 the Cutter, an amateur HaFi (D:4)
  Sigmund (D:3)
  The ghost of Monsterracer the Insei, an amateur OpMo (D:3)
  A water moccasin zombie (D:3)
  An orc priest (D:3)
  An orc wizard (D:4)
  Jessica (D:3)
  Ijyb (D:3)
  A worker ant (D:2)
  5 adders
  5 worms
  2 dart slugs
  A leopard gecko (D:1)
  7 orcs
  4 giant cockroaches
  7 goblins
  8 hobgoblins
  4 jackals (D:2)
  2 quokkas (D:2)
  8 bats
  4 frilled lizards
  8 kobolds
  5 rats
80 creatures vanquished.

Notes
Turn   | Place    | Note
-------+----------+-------------------------------------------
     0 | D:1      | xccam the Octopode Monk began the quest for the Orb.
     0 | D:1      | Reached XP level 1. HP: 16/16 MP: 1/1
   212 | D:1      | Reached skill level 3 in Stealth
   257 | D:1      | Reached XP level 2. HP: 10/21 MP: 2/2
   724 | D:1      | Reached XP level 3. HP: 26/26 MP: 3/3
   795 | D:2      | Reached skill level 4 in Stealth
  1064 | D:2      | Found a snail-covered altar of Cheibriados.
  1083 | D:2      | Reached XP level 4. HP: 30/31 MP: 4/4
  1332 | D:2      | Found a basalt altar of Yredelemnul.
  1332 | D:2      | Found an opulent altar of Gozag.
  1333 | D:2      | Found a sparkling altar of Nemelex Xobeh.
  1346 | D:2      | Reached skill level 5 in Stealth
  1612 | D:3      | Reached XP level 5. HP: 36/36 MP: 5/5
  1681 | D:3      | Noticed Ijyb
  1696 | D:3      | Killed Ijyb
  2003 | D:3      | Reached skill level 6 in Stealth
  2146 | D:3      | Noticed Monsterracer's ghost (amateur OpMo)
  2240 | D:3      | Killed Monsterracer's ghost
  2240 | D:3      | Reached skill level 5 in Polearms
  2240 | D:3      | Reached XP level 6. HP: 17/42 MP: 6/6
  2331 | D:3      | Noticed Sigmund
  2415 | D:3      | Found a glowing silver altar of Zin.
  2423 | D:3      | Killed Sigmund
  2423 | D:3      | Reached skill level 7 in Stealth
  2715 | D:3      | Found a shattered altar of Ashenzari.
  2749 | D:3      | Noticed Jessica
  2753 | D:3      | Killed Jessica
  2753 | D:3      | Reached XP level 7. HP: 46/46 MP: 7/7
  3019 | D:4      | Noticed bmj180's ghost (amateur HaFi)
  3041 | D:4      | Killed bmj180's ghost
  3041 | D:4      | Reached skill level 8 in Stealth
  3404 | D:4      | Noticed Grinder
  3417 | D:4      | Killed Grinder
  3417 | D:4      | Reached skill level 9 in Stealth
  3417 | D:4      | Reached XP level 8. HP: 32/52 MP: 8/8
  3448 | D:4      | Found a sacrificial altar of Ru.
  3458 | D:4      | Became a worshipper of Ru the Awakened
  3469 | D:4      | Gained mutation: You are hated by all. [Ru sacrifice]
  3469 | D:4      | Reached * piety under Ru
  3530 | D:4      | Reached skill level 1 in Shields
  3694 | D:4      | Killed from afar by an orc priest

Skill      XL: |  1  2  3  4  5  6  7  8 |
---------------+-------------------------+-----
Stealth        | 3 4 5 6 7 9 |  9.3
Polearms       | 4 5 7 |  7.0
Shields        | 1 |  1.2
Fighting       | |  3.0
Dodging        | |  3.0

Action                   |  1- 3 |  4- 6 |  7- 9 || total
-------------------------+-------+-------+-------++-------
Melee: Spear             |   103 |   105 |    81 ||   289
       Constrict         |    18 |    16 |    13 ||    47
       Tentacles         |    11 |    12 |    20 ||    43
Invok: Sacrifice Love    |       |       |     1 ||     1
Evoke: Wand              |       |     1 |     1 ||     2
  Use: Potion            |     1 |       |     2 ||     3
       Scroll            |       |     4 |     2 ||     6
 Stab: Sleeping          |    17 |    12 |     3 ||    32
  Eat: Chunk             |     1 |     3 |     1 ||     5
       Ration            |       |     1 |       ||     1
Armor: Skin              |     5 |     4 |     5 ||    14
Dodge: Dodged            |    28 |    29 |    19 ||    76
Block: Buckler           |       |       |     7 ||     7
